 Dungeon Crawl Stone Soup version 0.20.1-1-g8b1a95d (webtiles) character file.

5271 ninurtach the Severer (level 10, -1/70 HPs)
             Began as a Minotaur Fighter on Dec 5, 2017.
             Was an Initiate of Okawaru.
             Killed from afar by an electric eel (9 damage)
             ... with a bolt of electricity
             ... on level 8 of the Dungeon.
             The game lasted 00:12:56 (7901 turns).

ninurtach the Severer (Minotaur Fighter)            Turns: 7901, Time: 00:12:57

Health: -1/70      AC:  8    Str: 29    XL:     10   Next: 36%
Magic:  9/9        EV: 10    Int:  7    God:    Okawaru [......]
Gold:   420        SH:  0    Dex: 12    Spells: 9/9 levels left

rFire    + . .     SeeInvis .   a - +3 dire flail (curse)
rCold    . . .     Gourm    .   (shield currently unavailable)
rNeg     + . .     Faith    .   s - +0 scale mail "Mepsuck" {rF+ rN+}
rPois    .         Spirit   .   (helmet restricted)
rElec    .         Reflect  .   H - +0 cloak
rCorr    .         Harm     .   (no gloves)
MR       +....                  (no boots)
Stlth    ..........             k - amulet of regeneration
Regen    0.7/turn               i - +5 ring of strength
MPRegen  0.2/turn               C - +2 ring of dexterity

@: very slow
A: retaliatory headbutt, horns 2, clever 1, frail 1, magic resistance 1
a: Renounce Religion


You were on level 8 of the Dungeon.
You worshipped Okawaru.
Okawaru was noncommittal.
You were not hungry.

You visited 2 branches of the dungeon, and saw 9 of its levels.

You collected 420 gold pieces.

Inventory:

Hand Weapons
 a - a cursed +3 dire flail (weapon)
 M - a -3 battleaxe
Missiles
 I - 2 throwing nets (quivered)
Armour
 s - the +0 scale mail "Mepsuck" (worn) {rF+ rN+}
   (You found it on level 4 of the Dungeon)

   It protects you from fire.
   It protects you from negative energy.
 H - a +0 cloak (worn)
Jewellery
 i - a +5 ring of strength (left hand)
 k - an amulet of regeneration (around neck)
 p - an uncursed ring of stealth
 C - a +2 ring of dexterity (right hand)
Wands
 g - a wand of polymorph (10/24)
 j - a wand of confusion (20/48)
 v - a wand of acid (8/15)
 G - a wand of enslavement (8/24)
 K - a wand of polymorph (13/24)
Scrolls
 b - 2 scrolls of holy word {unknown}
 e - 6 scrolls of teleportation
 l - 4 scrolls of amnesia
 u - a scroll of blinking {unknown}
 x - 2 scrolls of enchant armour
 y - a scroll of enchant weapon
 E - a scroll of brand weapon {unknown}
Potions
 d - a potion of might
 m - a potion of berserk rage
 n - 2 potions of cancellation
 r - a potion of magic
 t - 3 potions of haste
 z - a potion of lignification
 A - 2 potions of agility
 L - a potion of curing {unknown}
Books
 F - a book of Geomancy

   Spells                             Type                      Level
   a - Sandblast                      Earth                        1
   b - Passwall                       Transmutation/Earth          2
   c - Stone Arrow                    Conjuration/Earth            3
   d - Petrify                        Transmutation/Earth          4
   e - Lee's Rapid Deconstruction     Earth                        5
Comestibles
 f - 4 bread rations
 h - 6 fruits
 o - 3 royal jellies
 q - 3 meat rations


   Skills:
 + Level 3.8 Fighting
 - Level 17.1 Axes
 - Level 3.6 Armour
   Level 3.6 Shields


You had 9 spell levels left.
You didn't know any spells.

Dungeon Overview and Level Annotations

Branches:
Dungeon (8/15)             Temple (1/1) D:6
   Lair: D:8-11

Altars:
Ashenzari
Cheibriados
Dithmenos
Elyvilon
Fedhas
Gozag
Hepliaklqana
Kikubaaqudgha
Makhleb
Okawaru
Trog
Uskayaw
Vehumet
Zin
The Shining One

Shops:
D:7 ?


Innate Abilities, Weirdness & Mutations

You reflexively headbutt those who attack you in melee.
You have a pair of horns on your head.
Your mind is acute. (Int +2)
You are frail. (-10% HP)
You are resistant to hostile enchantments. (MR+)


Message History

You take 7 damage, and have 20/69 hp.
You thump the electric eel! You headbutt the electric eel.
The electric eel shoots out a bolt of lightning at you!
The bolt of electricity hits you!
* * * LOW HITPOINT WARNING * * *
You take 6 damage, and have 14/69 hp.
Spoiler Alert: The electric eel can hit for high damage at range!
You barely miss the electric eel. You headbutt the electric eel.
You kill the electric eel!
Okawaru accepts your kill.
You hear a splash.
You see here an electric eel corpse.
Spoiler Alert: The electric eel (wandering) can hit for high damage at range!
Spoiler Alert: The electric eel can hit for high damage at range!
The electric eel shoots out a bolt of lightning at you!
The bolt of electricity hits you!
* * * LOW HITPOINT WARNING * * *
The electric eel shoots out a bolt of lightning at you!
The bolt of electricity hits you!
You die...

#...≈ ≈♣≈≈≈≈≈≈≈≈≈P
#P...## P≈;≈≈≈≈≈≈≈≈♣♣
##...PP#
≈P≈≈≈≈≈≈≈≈≈≈♣.#≈≈...≈#
≈♣♣≈≈≈≈≈P≈≈≈♣..#....≈.#
≈≈≈≈≈≈≈P♣≈≈P♣.##......##
≈≈≈≈≈♣≈≈≈≈P≈♣........>..
♣P≈P≈≈≈≈PP≈≈......<..#.
♣≈≈≈P≈@≈†≈♣#.........##
♣≈♣♣P≈≈≈≈♣≈#.........##
♣≈≈P♣≈♣#).>.......#
♣♣♣♣♣###.##########♣ #.#
♣ #.#########.#
#......[=...#
###########.# ♣ #.#


P You could see an electric eel.

Vanquished Creatures
  Erica (D:8)
  Joseph (D:7)
  A hippogriff (D:8)
  6 yaks (D:6)
  2 hungry ghosts
  Menkaure (D:7)
  A water moccasin (D:7)
  An ice beast (D:7)
  An eye of draining (D:8)
  A sky beast (D:6)
  A phantom (D:6)
  A black bear (D:7)
  2 ogres (D:4)
  5 centaurs
  A gnoll sergeant (D:7)
  3 bullfrogs
  4 killer bees (D:8)
  A scorpion (D:7)
  4 wights (D:8)
  3 electric eels (D:8)
  A bullfrog zombie (D:5)
  A crimson imp (D:7)
  2 centaur zombies
  A hound (D:4)
  4 jellies
  2 orc priests (D:7)
  Crazy Yiuf (D:7)
  6 orc wizards
  A bullfrog skeleton (D:4)
  2 iguanas
  4 worker ants
  2 hound zombies
  11 gnolls
  A howler monkey skeleton (D:7)
  8 adders
  2 oozes
  A worm (D:2)
  2 dart slugs (D:2)
  4 leopard geckos
  19 orcs
  4 giant cockroaches
  4 goblins
  2 hobgoblins
  2 jackals (D:5)
  6 kobolds
  5 quokkas
  2 ball pythons
  A ball python skeleton (D:4)
  6 bats
  4 frilled lizards
  A leopard gecko zombie (D:7)
  A quokka skeleton (D:4)
  9 rats
163 creatures vanquished.

Vanquished Creatures (others)
  5 plants (D:8)
5 creatures vanquished.

Grand Total: 168 creatures vanquished

Notes
Turn   | Place    | Note
-------+----------+-------------------------------------------
     0 | D:1      | ninurtach the Minotaur Fighter began the quest for the Orb.
     0 | D:1      | Reached XP level 1. HP: 19/19 MP: 0/0
   168 | D:1      | Reached skill level 3 in Axes
   168 | D:1      | Reached XP level 2. HP: 26/26 MP: 1/1
   528 | D:2      | Reached skill level 4 in Axes
   759 | D:2      | Reached XP level 3. HP: 26/31 MP: 2/2
  1075 | D:2      | Reached skill level 5 in Axes
  1106 | D:3      | Found a bloodstained altar of Trog.
  1125 | D:3      | Reached XP level 4. HP: 39/39 MP: 3/3
  1218 | D:3      | Found a hazy altar of Hepliaklqana.
  1540 | D:3      | Found a hide-covered altar of Uskayaw.
  1650 | D:3      | Reached skill level 6 in Axes
  2157 | D:4      | Got a fine scale mail
  2182 | D:4      | Reached XP level 5. HP: 45/45 MP: 4/4
  2273 | D:4      | Noticed an ogre
  2279 | D:4      | Killed an ogre
  2279 | D:4      | Reached skill level 7 in Axes
  2279 | D:4      | Reached XP level 6. HP: 48/51 MP: 5/5
  2411 | D:4      | Reached skill level 8 in Axes
  2893 | D:4      | Reached skill level 9 in Axes
  3108 | D:4      | Reached XP level 7. HP: 57/57 MP: 6/6
  3190 | D:5      | Entered Level 5 of the Dungeon
  3275 | D:5      | Identified the +0 scale mail "Mepsuck" {rF+ rN+} (You found it on level 4 of the Dungeon)
  3533 | D:5      | Reached skill level 10 in Axes
  4358 | D:6      | Found a staircase to the Ecumenical Temple.
  4364 | D:6      | Noticed a yak
  4365 | D:6      | Noticed a yak
  4370 | Temple   | Entered the Ecumenical Temple
  4413 | D:6      | Killed a yak
  4548 | D:6      | Reached skill level 11 in Axes
  4655 | D:6      | Noticed a yak
  4655 | D:6      | Noticed a yak
  4656 | D:6      | Noticed a yak
  4658 | D:6      | Noticed a yak
  4667 | D:6      | Killed a yak
  4667 | D:6      | Reached XP level 8. HP: 64/64 MP: 7/7
  4670 | D:6      | Reached skill level 12 in Axes
  4681 | D:6      | Reached skill level 13 in Axes
  4887 | D:6      | Reached XP level 9. HP: 70/70 MP: 8/8
  5140 | D:7      | Found Curet's Magic Scroll Boutique.
  5200 | D:7      | Reached skill level 14 in Axes
  5423 | D:7      | Gained mutation: Scrolls take you a little longer to read. [potion of mutation]
  5423 | D:7      | Gained mutation: Your mind is acute. (Int +2) [potion of mutation]
  5423 | D:7      | Gained mutation: Your mind is very acute. (Int +4) [potion of mutation]
  5423 | D:7      | Gained mutation: You have sharp toenails. [potion of mutation]
  5425 | D:7      | Lost mutation: Scrolls take you a little longer to read. [potion of mutation]
  5425 | D:7      | Lost mutation: Your mind is very acute. (Int +4) [potion of mutation]
  5425 | D:7      | Lost mutation: You have sharp toenails. [potion of mutation]
  5425 | D:7      | Lost mutation: Your mind is acute. (Int +2) [potion of mutation]
  5425 | D:7      | Gained mutation: You tend to lose your temper in combat. [potion of mutation]
  5425 | D:7      | Gained mutation: You often lose your temper in combat. [potion of mutation]
  5425 | D:7      | Gained mutation: Your mind is acute. (Int +2) [potion of mutation]
  5426 | D:7      | Lost mutation: You often lose your temper in combat. [potion of mutation]
  5426 | D:7      | Lost mutation: You tend to lose your temper in combat. [potion of mutation]
  5426 | D:7      | Gained mutation: You are frail. (-10% HP) [potion of mutation]
  5426 | D:7      | Gained mutation: You are resistant to hostile enchantments. (MR+) [potion of mutation]
  5506 | D:7      | Noticed Joseph
  5526 | D:7      | Killed Joseph
  5712 | D:7      | Noticed Menkaure
  5716 | D:7      | Reached skill level 15 in Axes
  5719 | D:7      | Killed Menkaure
  5960 | D:7      | Found a runed door.
  6641 | D:7      | Noticed Crazy Yiuf
  6645 | D:7      | Killed Crazy Yiuf
  6764 | D:8      | Reached skill level 16 in Axes
  7000 | D:8      | Reached XP level 10. HP: 60/69 MP: 3/9
  7193 | D:8      | Noticed Erica
  7222 | D:8      | Killed Erica
  7495 | D:8      | Found an iron altar of Okawaru.
  7510 | D:8      | Became a worshipper of Warmaster Okawaru
  7611 | D:8      | Reached skill level 17 in Axes
  7901 | D:8      | Killed from afar by an electric eel

Skill      XL: |  1  2  3  4  5  6  7  8  9 10 |
---------------+-------------------------------+-----
Axes           | 3 4 5 6 7 9 11 13 16 17 | 17.1
Fighting       | |  3.8
Armour         | |  3.6
Shields        | |  3.6

Action                   |  1- 3 |  4- 6 |  7- 9 | 10-12 || total
-------------------------+-------+-------+-------+-------++-------
Melee: War axe           |    79 |   100 |   264 |    73 ||   516
       Headbutt          |    13 |    19 |    57 |    13 ||   102
       Dire flail        |       |       |       |     7 ||     7
  Use: Scroll            |       |    10 |     6 |     1 ||    17
       Potion            |       |       |     3 |       ||     3
 Stab: Sleeping          |       |     2 |     1 |       ||     3
  Eat: Chunk             |     1 |     6 |     9 |     5 ||    21
       Fruit             |       |       |     4 |       ||     4
Armor: Scale mail        |    46 |       |    52 |    13 ||   111
       Leather armour    |       |     5 |     3 |       ||     8
Dodge: Dodged            |    12 |    21 |    58 |    22 ||   113
Block: Shield            |    39 |    60 |    93 |    18 ||   210
